 Dungeon Crawl Stone Soup version 0.31-a0-408-gb642c7f9a3 (webtiles) character file.

Game seed: 12477655773854453085

4920 LeprechaunX the Grappler (level 10, -6/63 HPs)
             Began as an Octopode Shapeshifter on July 30, 2023.
             Was an Initiate of Hepliaklqana.
             Mangled by a komodo dragon (32 damage)
             ... on level 8 of the Dungeon.
             The game lasted 00:16:56 (8091 turns).

LeprechaunX the Grappler (Octopode Shapeshifter)    Turns: 8091, Time: 00:16:57

Health: -6/63      AC:  1    Str: 19    XL:     10   Next: 51%
Magic:  10/10      EV: 14    Int: 12    God:    Hepliaklqana [......]
Gold:   243        SH:  0    Dex: 15    Spells: 9/9 levels left

rFire   . .          .
                       - Unarmed
rCold   + . .        (no shield)
rNeg    + . .        (helmet currently unavailable)
rPois   +            (no amulet)
rElec   .            u - +4 ring of slaying
rCorr   .            C - ring of protection from cold
SInv    .            z - ring of poison resistance
Will    +....        E - ring of Vycliy {rN+ Will+ Str+2 Int+2}
Stlth   ++           H - ring of flight
HPRegen 0.30/turn    (no ring)
MPRegen 0.12/turn    (no ring)
                     (no ring)

%: no passive effects
@: beast-form, flying
A: beast (slay +5), almost no armour, amphibious, 8 rings, camouflage 1,
gelatinous body 1, (nimble swimmer 1), tentacles
a: Begin Untransformation, Renounce Religion


You were on level 8 of the Dungeon.
You worshipped Hepliaklqana.
Hepliaklqana was noncommittal.
You were a hulking beast.
You visited 2 branches of the dungeon, and saw 9 of its levels.
You also visited: Ossuary.

You collected 694 gold pieces.
You spent 451 gold pieces at shops.

Inventory:

Hand Weapons
 a - a +2 sling of flaming
Missiles
 t - 2 throwing nets
Jewellery
 u - a +4 ring of slaying (left tentacle)
 z - a ring of poison resistance (on tentacle)
 A - a ring of fire
 C - a ring of protection from cold (right tentacle)
 E - the ring of Vycliy (on tentacle) {rN+ Will+ Str+2 Int+2}
   (You bought it in a shop on level 7 of the Dungeon)

   [ring of positive energy]

   Str:       It affects your strength (+2).
   Int:       It affects your intelligence (+2).
   rN:        It protects you from negative energy.
   Will:      It increases your willpower.
 H - a ring of flight (on tentacle)
Talismans
 b - a beast talisman
 o - a maw talisman
Wands
 m - a wand of polymorph (11)
 q - a wand of quicksilver (9)
 r - a wand of digging (5)
 F - a wand of paralysis (11)
Scrolls
 e - 8 scrolls of identify {unknown}
 f - a scroll of fog {unknown}
 g - a scroll of fear {unknown}
 j - 2 scrolls of silence {unknown}
 k - a scroll of enchant armour {unknown}
 l - 2 scrolls of brand weapon {unknown}
 n - 2 scrolls of vulnerability {unknown}
 p - 3 scrolls of butterflies {unknown}
 s - a scroll of torment {unknown}
 v - 2 scrolls of teleportation {unknown}
 y - a scroll of immolation {unknown}
 B - a scroll of noise {unknown}
 G - a scroll of amnesia {unknown}
Potions
 c - 2 potions of ambrosia {unknown}
 d - 5 potions of curing {unknown}
 h - 4 potions of mutation {unknown}
 i - 2 potions of brilliance {unknown}
 w - a potion of lignification
 x - a potion of heal wounds {unknown}
 D - a potion of degeneration {unknown}


   Skills:
 - Level 4.0 Fighting
 - Level 4.0 Ranged Weapons
 - Level 4.0 Dodging
 + Level 10.5 Unarmed Combat
 + Level 8.3 Shapeshifting


You had 9 spell levels left.
You didn't know any spells.
Your spell library contained the following spells:

 Spells                   Type           Power      Damage    Failure   Level
 Foxfire                  Conj/Fire      0%         2x1d4     32%         1
 Sandblast                Erth           0%         2d4       32%         1
 Blink                    Tloc           0%         N/A       45%         2
 Lesser Beckoning         Tloc           0%         N/A       45%         2
 Momentum Strike          Conj/Tloc      0%         3d8       45%         2
 Passwall                 Tmut/Erth      0%         N/A       45%         2
 Stone Arrow              Conj/Erth      0%         3d7       69%         3
 Plasma Beam              Fire/Air       0%         2x1d10    100%        6
 Starburst                Conj/Fire      0%         6d3       100%        6


Dungeon Overview and Level Annotations

Branches:
Dungeon (8/15)             Temple (1/1) D:6            Lair (0/5) D:8
Ossuary (visited)

Altars:
Ashenzari
Cheibriados
Dithmenos
Elyvilon
Gozag
Hepliaklqana
Kikubaaqudgha
Nemelex Xobeh
Okawaru
Qazlal
Ru
Sif Muna
Trog
Uskayaw
Vehumet
Wu Jian
Xom
Yredelemnul
Zin
The Shining One

Shops:
D:1 *   D:6 =   D:7 (!==

Annotations:
D:5 2 transporters, 1 runed translucent door, Crazy Yiuf; quinnr's ghost, amateur SpSh


Innate Abilities, Weirdness & Mutations

You are a hulking beast.
Your limbs bulge with bestial killing power. (Slay +5)
You cannot wear most types of armour.
You are amphibious.
You can wear up to eight rings at the same time.
Your skin changes colour to match your surroundings (Stealth+).
Your rubbery body absorbs attacks. (AC +1, EV +1)
((You are camouflaged when in or above water. (Stealth+)))
You have tentacles for arms and can constrict up to eight enemies at once.


Message History

Things that are here:
a +0 short sword; an orc corpse You bludgeon the orc!
You kill the orc!
A nearby plant withers and dies.
The orc wizard hits you with a +0 dagger.
A komodo dragon comes into view.
You closely miss the orc wizard.
The komodo dragon hisses angrily.
You grab the orc wizard. You squeeze the orc wizard.
The orc wizard is moderately wounded.
You constrict the orc wizard.
The orc wizard hits you with a +0 dagger.
You tentacle-slap the orc wizard.
The orc wizard is severely wounded.
You constrict the orc wizard.
You kill the orc wizard!
Found a staircase to the Lair.
Things that are here:
a +0 dagger; a +0 robe of willpower; an orc corpse You bludgeon the komodo dragon!
The komodo dragon is moderately wounded.
The komodo dragon bites you!!
You are too injured to fight recklessly!
You are too injured to fight recklessly!
You are too injured to fight recklessly!
Unknown command.
You barely miss the komodo dragon.
The komodo dragon is moderately wounded.
Unknown command.
You tentacle-slap the komodo dragon. You squeeze the komodo dragon!
The komodo dragon is heavily wounded.
The komodo dragon hisses menacingly.
The komodo dragon bites you.
You bludgeon the komodo dragon!
You squeeze the komodo dragon, but do no damage.
The komodo dragon is almost dead.
The komodo dragon bites you!!
Ouch! That really hurt!
You die... #....... ##P.P...P# #.##.##. #..PP.>.P# #.##.##. ##..PP...P# ....)... #.....P.PP# ..##.... #......P.P# #.... #....$.PPP# ....).. #..lPPPP#

#.##.###
#..h..PP#
# ##..#.
##.)..P##
...... #
##...##
#..... #.
#)).##
#.....
#.##)###
#.....
#....#
.....
###.##
.##( #..#
##. ##.#
#..


You could see a komodo dragon.

Vanquished Creatures
  Pikel (D:5)
  Psyche (D:8)
  A hornet (D:8)
  Grinder (D:3)
  Sigmund (D:5)
  2 steam dragons (D:7)
  An acid dragon (D:8)
  A water moccasin (D:6)
  Duvessa (D:5)
  3 orc warriors (D:6)
  3 ice beasts
  A sky beast (D:7)
  5 ogres
  2 centaurs
  3 lemures (D:5)
  A phantom (D:5)
  6 bullfrogs
  A scorpion (D:5)
  7 wights
  Dowan (D:5)
  A howler monkey (D:8)
  A centaur zombie (Ossuary)
  2 hounds
  4 jellies
  5 orc priests
  2 sleepcaps
  2 iguanas (D:6)
  6 orc wizards
  2 mummies (Ossuary)
  Robin (D:2)
  A gnoll (D:4)
  3 adders
  A shadow imp (D:6)
  5 white imps
  An ufetubus (D:5)
  2 dart slugs
  19 orcs
  8 ball pythons
  8 endoplasms
  3 giant cockroaches
  A gnoll zombie (Ossuary)
  13 goblins
  17 hobgoblins
  14 jackals
  A quokka (D:5)
  6 bats
  3 frilled lizards
  3 goblin zombies (Ossuary)
  4 hobgoblin zombies (Ossuary)
  9 kobolds
  5 orc zombies (Ossuary)
  3 rats (D:1)
199 creatures vanquished.

Notes
Turn   | Place    | Note
-------+----------+-------------------------------------------
     0 | D:1      | LeprechaunX the Octopode Shapeshifter began the quest for
                  | the Orb.
     0 | D:1      | Reached XP level 1. HP: 13/13 MP: 1/1
   151 | D:1      | Reached XP level 2. HP: 18/18 MP: 2/2
   179 | D:1      | Found Wypty's Assorted Antiques.
   357 | D:1      | Reached XP level 3. HP: 15/24 MP: 3/3
   842 | D:1      | You fall into a shaft and drop 1 floor!
  1215 | D:2      | Identified the +6 falchion of Incongruity {holy, +Blink
                  | rN+++ Int-2 Dex-4}
  1261 | D:2      | Noticed Robin
  1281 | D:2      | Killed Robin
  1282 | D:2      | Reached XP level 4. HP: 17/30 MP: 4/4
  2209 | D:3      | Noticed Grinder
  2210 | D:3      | Paralysed by Grinder for 4 turns
  2230 | D:3      | Killed Grinder
  2231 | D:3      | Reached skill level 4 in Unarmed Combat
  2231 | D:3      | Reached XP level 5. HP: 13/36 MP: 5/5
  2231 | D:3      | Reached XP level 6. HP: 15/42 MP: 6/6
  3424 | D:4      | Reached skill level 5 in Unarmed Combat
  3424 | D:4      | Reached XP level 7. HP: 48/48 MP: 7/7
  3555 | D:4      | Found a bloodstained altar of Trog.
  3820 | D:5      | Entered Level 5 of the Dungeon
  3840 | D:5      | Noticed Dowan
  3931 | D:5      | Identified the +3 kite shield "Luhompem" {rPois Str+3}
  3983 | D:5      | Reached skill level 6 in Unarmed Combat
  4042 | D:5      | Found a sand-covered staircase.
  4049 | Ossuary  | Entered an ossuary
  4211 | D:5      | Reached XP level 8. HP: 54/54 MP: 8/8
  4459 | D:5      | Reached skill level 5 in Shapeshifting
  4472 | D:5      | Reached skill level 7 in Unarmed Combat
  4475 | D:5      | Noticed Pikel
  4494 | D:5      | Noticed Sigmund
  4712 | D:5      | Killed Dowan
  4717 | D:5      | Noticed Duvessa
  4758 | D:5      | Killed Duvessa
  4823 | D:5      | Found a transporter.
  4833 | D:5      | Noticed quinnr's ghost (amateur SpSh)
  4864 | D:5      | Found a transporter.
  4866 | D:5      | Killed Sigmund
  4983 | D:5      | Found a runed translucent door.
  4984 | D:5      | Noticed Crazy Yiuf
  5090 | D:5      | Killed Pikel
  5091 | D:5      | Reached skill level 8 in Unarmed Combat
  5091 | D:5      | Reached XP level 9. HP: 27/58 MP: 9/9
  6001 | D:6      | Found Zopun's Jewellery Shop.
  6164 | D:6      | Reached skill level 9 in Unarmed Combat
  6181 | D:6      | Reached skill level 1 in Ranged Weapons
  6594 | D:6      | Found a staircase to the Ecumenical Temple.
  6604 | Temple   | Entered the Ecumenical Temple
  6610 | Temple   | Became a worshipper of Hepliaklqana the Forgotten
  6787 | D:7      | Found Fuacroj's Jewellery Shoppe.
  6940 | D:7      | Found Xiffiuno's Jewellery Shoppe.
  6953 | D:7      | Bought the ring of Vycliy {rN+ Will+ Str+2 Int+2} for 451
                  | gold pieces
  6959 | D:7      | Found a sparkling altar of Nemelex Xobeh.
  7000 | D:7      | Found Xememew's Distillery.
  7082 | D:7      | Reached XP level 10. HP: 54/63 MP: 10/10
  7129 | D:7      | Found Wablaythra's Weapon Boutique.
  7327 | D:7      | Found a sacrificial altar of Ru.
  7404 | D:7      | Found a broken altar of Ashenzari.
  7413 | D:7      | Paralysed by a wight for 2 turns
  7440 | D:7      | Reached skill level 10 in Unarmed Combat
  7523 | D:8      | Noticed Psyche
  7536 | D:8      | Killed Psyche
  8086 | D:8      | Found a staircase to the Lair.
  8091 | D:8      | Mangled by a komodo dragon

Illustrated notes

Levels and vault maps discovered:
D:1:      dpeg_arrival_arbitrary_a, layout_basic, serial_shops, shop
D:2:      layout_loops_ring, uniq_robin
D:3:      layout_basic, kennysheep_flooded_box, uniq_grinder
D:4:      layout_basic, trog_hazing_becter, kennysheep_generic_room_16
D:5:      layout_loops_ring, nicolae_ossuary_entry_monument,
          gammafunk_ghost_gnarly_gnolls, uniq_pikel, uniq_crazy_yiuf_cottage,
          uniq_sigmund, uniq_duvessa
D:6:      layout_basic, minmay_temple_entry_antechambers, serial_shops,
          nicolae_shop_gaudy_bauble
D:7:      layout_rooms, nemelex_altar_shiori, mainiacjoe_overflow_swirl,
          serial_shops, nicolae_shop_crystal, shop,
          nicolae_shop_tiny_waterfront, nicolae_lakefront_shop, grunt_ogre_cave
D:8:      layout_gridville, david_lair_shrubbed,
          hangedman_abyss_or_decor_lesser_grid, kennysheep_generic_room_15,
          uniq_psyche
Temple:   eino_temple_rhombus

Skill      XL: |  1  2  3  4  5  6  7  8  9 10 |
---------------+-------------------------------+-----
Fighting       | 2 3 4 |  4.0
Dodging        | 3 4 |  4.0
Unarmed Combat | 4 5 6 8 9 10 | 10.5
Shapeshifting  | 4 6 7 8 |  8.3
Ranged Weapons | 3 4 |  4.0

Action                     |  1- 3 |  4- 6 |  7- 9 | 10-12 || total
---------------------------+-------+-------+-------+-------++-------
  Melee: Unarmed           |    79 |    65 |    81 |    29 ||   254
         Constrict         |    20 |    15 |    22 |     4 ||    61
         Tentacles         |    11 |    15 |    14 |     8 ||    48
         Punch             |     2 |     3 |     9 |     1 ||    15
   Fire: Sling             |       |    11 |   202 |    45 ||   258
    Use: Potion            |       |     1 |       |       ||     1
   Stab: Sleeping          |     6 |     7 |     2 |     1 ||    16
 Armour: Skin              |     6 |     2 |     3 |       ||    11
  Dodge: Dodged            |    45 |    23 |    59 |    13 ||   140

Table legend: (Time is in decaauts)
 A = Elapsed time spent in this place.
 B = Non-inter-level travel time spent in this place.
 C = Inter-level travel time spent in this place.
 D = Time resting spent in this place.
 E = Time spent auto-exploring this place.
 F = Levels seen in this place.
 G = Mean time per level.
                   A        B        C        D        E       F      G
               +--------+--------+--------+--------+--------+-----+--------+
         Total |   8124 |   7725 |    399 |   1111 |   4902 |  10 |  812.4 |
       Dungeon |   7994 |   7605 |    389 |   1111 |   4861 |   8 |  999.2 |
        Temple |     12 |      2 |     10 |      0 |      0 |   1 |   12.0 |
       Ossuary |    117 |    117 |      0 |      0 |     41 |   1 |  117.0 |
               +--------+--------+--------+--------+--------+-----+--------+

Top non-repeatable levels by time:
     D:5: 1863 daAuts
     D:3: 1152 daAuts
     D:1: 986 daAuts
     D:2: 922 daAuts
     D:6: 891 daAuts
     D:4: 880 daAuts
     D:7: 680 daAuts
     D:8: 617 daAuts
 Ossuary: 117 daAuts
  Temple: 12 daAuts
